 Dungeon Crawl Stone Soup version 0.32-a0-351-gc6a9d31 (webtiles) character file.

Game seed: 5893856761482310629

604 Nithhogg the Covered (level 7, -2/61 HPs)
             Began as a Mountain Dwarf Fighter on Feb 17, 2024.
             Slain by an ice beast (6 damage)
             ... on level 4 of the Dungeon.
             The game lasted 00:10:39 (3642 turns).

Nithhogg the Covered (Mountain Dwarf Fighter)       Turns: 3642, Time: 00:10:40

Health: -2/61      AC:  7    Str: 20    XL:     7   Next: 18%
Magic:  10/10      EV:  9    Int:  9    God:
Gold:   183        SH:  0    Dex:  9    Spells: 6/6 levels left

rFire   . . .        r - +2 mace (holy)
rCold   . . .        (no shield)
rNeg    . . .        b - +0 scale mail
rPois   .            (no helmet)
rElec   .            (no cloak)
rCorr   .            (no gloves)
SInv    .            (no boots)
Will    .....        (no amulet) Stlth
                     (no ring)
HPRegen 0.30/turn    (no ring)
MPRegen 0.12/turn

%: no passive effects
@: no status effects
A: runic magic, artefact enchanting
a: no special abilities


You were on level 4 of the Dungeon.
You visited 1 branch of the dungeon, and saw 5 of its levels.

You collected 238 gold pieces.
You spent 55 gold pieces at shops.

Inventory:

Hand Weapons
 a - a +0 war axe
 e - a +3 bardiche of freezing
 r - a +2 mace of holy wrath (weapon)
Armour
 b - a +0 scale mail (worn)
 c - a +0 buckler
 q - a +2 leather armour of cold resistance
Jewellery
 l - a +6 ring of strength
Scrolls
 h - a scroll of teleportation
 j - a scroll of immolation
 k - a scroll of fear
 p - 2 scrolls of vulnerability
 s - a scroll of enchant weapon
Potions
 d - a potion of might
 g - 2 potions of magic
 i - 5 potions of heal wounds
 m - a potion of brilliance {unknown}
 n - a potion of haste {unknown}
 o - a potion of curing {unknown}


   Skills:
 + Level 5.3 Fighting
 + Level 5.3 Axes
 + Level 5.3 Armour
 - Level 3.2 Shields
 + Level 4.7 Invocations


You had 6 spell levels left.
You didn't know any spells.
Your spell library contained the following spells:

 Spells                   Type           Power      Damage    Failure   Level
 Tukima's Dance           Hex            0%         N/A       83%         3
 Dimensional Bullseye     Hex/Tloc       0%         N/A       99%         4
 Iskenderun's Mystic Bla  Conj/Tloc      0%         2d3       99%         4


Dungeon Overview and Level Annotations

Branches:
Dungeon (5/15)
 Temple: D:4-7

Altars:
Elyvilon
Makhleb
Ru

Shops:
D:4 !

Annotations:
D:4 2 transporters


Innate Abilities, Weirdness & Mutations

Your spellcasting is much less encumbered by armour.
You can use scrolls of enchantment on lesser artefacts.


Message History

r - a +2 mace of holy wrath (weapon)
You hit the ice beast.
The ice beast is lightly wounded.
The ice beast barely misses you.
The ice beast hits you but does no damage.
You closely miss the ice beast.
The ice beast is lightly wounded.
The ice beast hits you but does no damage.
You barely miss the ice beast.
The ice beast is lightly wounded.
The ice beast hits you but does no damage.
You hit the ice beast.
The ice beast is lightly wounded.
The ice beast closely misses you.
You hit the ice beast.
The ice beast is moderately wounded.
The ice beast closely misses you.
You hit the ice beast.
The ice beast is heavily wounded.
The ice beast hits you but does no damage.
The ice beast closely misses you.
You barely miss the ice beast.
The ice beast is heavily wounded.
The ice beast closely misses you.
You hit the ice beast.
The ice beast is severely wounded.
The ice beast hits you but does no damage.
You hit the ice beast but do no damage.
The ice beast is severely wounded.
The ice beast hits you but does no damage.
You thump the ice beast!
The ice beast is almost dead.
The ice beast hits you.
* * * LOW HITPOINT WARNING * * *
The ice beast freezes you!
* * * LOW HITPOINT WARNING * * *
The ice beast hits you.
* * * LOW HITPOINT WARNING * * *
The ice beast freezes you.
You die...

.##..####.##.##.# #.#
.##[.#.##.##.##.# #.#
.##.............# #.# ##########
..#.......##.##.# #.# #........#
..#.....####.##.###.# #.######.#
..÷..†........#.....# #.# #.#
....).........####### #.# #.#
.##.#.....###.##### #.# #.#
...............Y@.# #.# #.#
.............>###.# #.# #.#
............#..##.#####.# #.#
............#..##.......######.##
.........#..#..##................
#.###..#.......##......#######.##
#...........#..##.........# #.#
..####.#.#......+.........# #.#
..####..[......##.........# #.#


You could see an ice beast.

Vanquished Creatures
  Pargi (D:3)
  A phantom (D:4)
  2 bombardier beetles (D:4)
  An orc priest (D:4)
  A human skeleton (D:4)
  A hound skeleton (D:4)
  Robin (D:3)
  12 adders
  A dart slug (D:2)
  A ribbon worm (D:4)
  3 orcs (D:4)
  5 ball pythons
  8 endoplasms
  6 giant cockroaches
  15 goblins
  6 hobgoblins
  8 jackals
  7 kobolds
  4 quokkas
  9 bats
  5 frilled lizards
  3 rats (D:2)
101 creatures vanquished.

Notes
Turn   | Place    | Note
-------+----------+-------------------------------------------
     0 | D:1      | Nithhogg the Mountain Dwarf Fighter began the quest for the
                  | Orb.
     0 | D:1      | Reached XP level 1. HP: 19/19 MP: 1/1
    21 | D:1      | Reached skill level 1 in Invocations
    21 | D:1      | Reached XP level 2. HP: 21/26 MP: 2/2
   364 | D:1      | Reached XP level 3. HP: 31/31 MP: 4/4
   933 | D:2      | Reached XP level 4. HP: 40/40 MP: 5/5
  1245 | D:2      | Identified a scroll of acquirement
  1437 | D:3      | Reached XP level 5. HP: 32/46 MP: 5/7
  1594 | D:3      | Found a sacrificial altar of Ru.
  1684 | D:3      | Noticed Robin
  1696 | D:3      | Killed Robin
  1900 | D:3      | Noticed Pargi
  2061 | D:4      | Noticed a phantom
  2069 | D:4      | Killed a phantom
  2070 | D:4      | Reached XP level 6. HP: 45/53 MP: 8/8
  2110 | D:3      | Acquired a +3 bardiche of freezing
  2419 | D:3      | Killed Pargi
  2548 | D:4      | Found a burning altar of Makhleb.
  2552 | D:4      | Reached skill level 5 in Armour
  2570 | D:4      | Reached skill level 5 in Fighting
  2694 | D:4      | Reached skill level 5 in Axes
  2861 | D:4      | Found Ysha Soed's Distillery.
  2878 | D:4      | Bought a potion of heal wounds for 55 gold pieces
  2894 | D:4      | Found a transporter.
  2897 | D:4      | Found a white marble altar of Elyvilon.
  2897 | D:4      | Found a transporter.
  2911 | D:4      | Reached XP level 7. HP: 56/61 MP: 10/10
  3611 | D:5      | Entered Level 5 of the Dungeon
  3642 | D:4      | Slain by an ice beast

Illustrated notes

Levels and vault maps discovered:
D:1:      grunt_arrival_lava_bath, layout_basic
D:2:      layout_rooms
D:3:      layout_basic, marbit_many_paths, uniq_pargi, uniq_robin
D:4:      layout_basic, elyvilon_altar_4, makhleb_blood_cavern_becter,
          serial_shops, shop
D:5:      layout_cave_pods, uniq_pikel, uniq_ijyb, uniq_grinder,
          uniq_crazy_yiuf_cottage

Skill      XL: |  1  2  3  4  5  6 |
---------------+-------------------+-----
Invocations    | 1 2 3 4 |  4.7
Axes           | 3 4 5 |  5.3
Armour         | 4 5 |  5.3
Fighting       | 4 5 |  5.3
Shields        | |  3.2

Action                     |  1- 3 |  4- 6 |  7- 9 || total
---------------------------+-------+-------+-------++-------
  Melee: War axe           |    97 |   111 |       ||   208
         Bardiche          |       |    63 |    34 ||    97
         Mace              |       |       |    10 ||    10
    Use: Scroll            |       |     5 |     4 ||     9
 Armour: Scale mail        |    86 |   200 |    43 ||   329
  Dodge: Dodged            |    53 |   134 |    32 ||   219

Table legend: (Time is in decaauts)
 A = Elapsed time spent in this place.
 B = Non-inter-level travel time spent in this place.
 C = Inter-level travel time spent in this place.
 D = Time resting spent in this place.
 E = Time spent auto-exploring this place.
 F = Levels seen in this place.
 G = Mean time per level.
                   A        B        C        D        E       F      G
               +--------+--------+--------+--------+--------+-----+--------+
         Total |   3790 |   3693 |     97 |    100 |   2743 |   5 |  758.0 |
       Dungeon |   3790 |   3693 |     97 |    100 |   2743 |   5 |  758.0 |
               +--------+--------+--------+--------+--------+-----+--------+

Top non-repeatable levels by time:
     D:4: 1343 daAuts
     D:3: 1059 daAuts
     D:1: 844 daAuts
     D:2: 529 daAuts
     D:5: 12 daAuts
